 Dungeon Crawl Stone Soup version 0.22.0-16-gc6d26f6 (webtiles) character file.

1749942 Medar the Slayer (level 25, 226/226 HPs)
             Began as a Formicid Transmuter on Aug 17, 2018.
             Was the Champion of Ru.
             Escaped with the Orb
             ... and 3 runes!
             The game lasted 03:54:26 (68688 turns).

Medar the Slayer (Formicid Transmuter)             Turns: 68688, Time: 03:54:26

Health: 226/226    AC: 49    Str: 33    XL:     25
Magic:  26/26      EV: 20    Int: 15    God:    Ru [******]
Gold:   5576       SH: 31    Dex: 14    Spells: 28/28 levels left

rFire    + + .     SeeInvis +   b - +9 arbalest of the Vaults {flame, rC+ Str+10 SInv}
rCold    + + +     Gourm    .   W - +8 large shield
rNeg     + . .     Faith    .   D - +15 Maxwell's patent armour {-Cast -Tele rElec MR+ rCorr}
rPois    .         Spirit   .   (helmet unavailable)
rElec    +         Reflect  .   P - +1 cloak of Ecserij {rF+ rC+ Dex+3}
rCorr    +         Harm     +   z - +0 pair of gloves "Vumomaitz" {rC++ rN+}
MR       +++++     Clarity  +   K - +2 pair of boots Stlth ..........NoCast +
                                J - amulet of harm
HPRegen  0.47/turn              C - ring of protection from fire
MPRegen  0.20/turn              U - ring of Henaus {MR++ AC+4 Int-4 Slay+4}

@: no status effects
A: permanent stasis, dig shafts and tunnels, four strong arms, antennae 3,
talons 1, camouflage 1, clarity, clever 1, inability to read while threatened,
inability to use devices, no conjurations magic, no ice magic, no transmutations
magic, inexperienced 1
0: Orb of Zot
}: 3/15 runes: serpentine, barnacled, silver
a: Dig, Shaft Self, Draw Out Power, Power Leap, Apocalypse, Renounce Religion


You escaped.
You worshipped Ru.
Ru was exalted by your worship.
You were full.

You visited 9 branches of the dungeon, and saw 47 of its levels.
You also visited: Labyrinth, Ice Cave and Desolation.

You collected 7634 gold pieces.
You spent 2058 gold pieces at shops.

Inventory:

Hand Weapons
 a - a +8 great mace of freezing
 b - the +9 arbalest of the Vaults (weapon) {flame, rC+ Str+10 SInv}
   (You found it on level 1 of the Depths)

   It causes projectiles fired from it to burn those they strike, causing extra
   injury to most foes and up to half again as much damage against particularly
   susceptible opponents.
   It affects your strength (+10).
   It protects you from cold.
   It lets you see invisible.
 c - a +4 blowgun
 d - a +9 great mace of protection
 i - a +2 great mace of holy wrath
 j - a +2 great mace of draining
Missiles
 k - 1812 bolts (quivered)
 B - 195 poisoned needles
 X - 19 throwing nets {=f =F}
 Z - 4 curare-tipped needles
Armour
 r - a +2 pair of gloves
 z - the +0 pair of gloves "Vumomaitz" (worn) {rC++ rN+}
   (You acquired it on level 5 of the Depths)

   It greatly protects you from cold.
   It protects you from negative energy.
 D - the +15 Maxwell's patent armour (worn) {-Cast -Tele rElec MR+ rCorr}
   (You found it on level 5 of the Vaults)

   It insulates you from electricity.
   It affects your resistance to hostile enchantments.
   It prevents spellcasting.
   It prevents most forms of teleportation.
   It provides partial protection from all sources of acid and corrosion.
 I - +0 gold dragon scales
 K - a +2 pair of boots (worn)
 P - the +1 cloak of Ecserij (worn) {rF+ rC+ Dex+3}
   (You found it in the Desolation of Salt)

   It affects your dexterity (+3).
   It protects you from fire.
   It protects you from cold.
 W - a +8 large shield (worn)
Jewellery
 e - the ring "Maig" {rCorr rN++ Str+6}
   (You found it in the Desolation of Salt)

   [ring of resist corrosion]

   It affects your strength (+6).
   It greatly protects you from negative energy.
 f - the ring "Cunwer" {Wiz rElec rPois rC- Stlth+}
   (You found it on level 4 of the Snake Pit)

   [ring of wizardry]

   It improves your spell success rate.
   It makes you vulnerable to cold.
   It insulates you from electricity.
   It protects you from poison.
   It makes you more stealthy.
 g - the ring of Robustness {AC+8}
   (You found it on level 5 of the Vaults)

   [ring of protection]

   It affects your AC (+8).
 l - an uncursed ring of ice {unknown}
 y - the ring "Adwev" {+Blink rPois EV+2 Int-4 Dex+5}
   (You found it on level 14 of the Dungeon)

   [ring of evasion]

   It affects your evasion (+2).
   It affects your intelligence (-4).
   It affects your dexterity (+5).
   It protects you from poison.
   It lets you blink.
 C - a ring of protection from fire (left hand)
 H - the ring "Mamibuta" {rN+ Str+5}
   (You took it off a vault sentinel on level 5 of the Vaults)

   [ring of positive energy]

   It affects your strength (+5).
   It protects you from negative energy.
 J - an amulet of harm (around neck)
 R - an uncursed amulet of regeneration
 S - the ring of Mistrust {rElec rPois rC++ Dex-5 Stlth-}
   (You took it off a deep elf annihilator on level 5 of the Vaults)

   [ring of attention]

   It affects your dexterity (-5).
   It greatly protects you from cold.
   It insulates you from electricity.
   It protects you from poison.
   It makes you less stealthy.
 U - the ring of Henaus (right hand) {MR++ AC+4 Int-4 Slay+4}
   (You found it on level 2 of the Depths)

   [ring of protection]

   It affects your AC (+4).
   It affects your intelligence (-4).
   It affects your accuracy and damage with ranged weapons and melee attacks
   (+4).
   It affects your resistance to hostile enchantments.
Scrolls
 h - 15 scrolls of remove curse {@r1}
 m - 4 scrolls of enchant armour
 o - 17 scrolls of fear
 s - a scroll of brand weapon
 x - 6 scrolls of fog
 O - 9 scrolls of silence {!r}
 Q - 2 scrolls of summoning
 V - 8 scrolls of identify {@r2}
Potions
 n - 5 potions of heal wounds
 p - 2 potions of resistance
 q - 3 potions of magic
 t - 9 potions of cancellation
 u - 13 potions of curing {@q1}
 v - a potion of invisibility
 w - 11 potions of brilliance
 E - 3 potions of agility
 G - 10 potions of mutation {!q}
 L - a potion of might
 M - 3 potions of flight
 N - 2 potions of ambrosia
Comestibles
 T - 49 rations


   Skills:
 + Level 24.9 Fighting
 + Level 21.4 Maces & Flails
 + Level 19.5 Crossbows
 + Level 24.8 Armour
 + Level 18.5 Dodging
 + Level 17.0 Shields
 - Level 3.0 Unarmed Combat
 - Level 2.1 Spellcasting


You had 28 spell levels left.
You didn't know any spells.
Your spell library contained the following spells:

 Spells                   Type           Power        Failure   Level  Hunger
 Cause Fear               Hex            #.........   99%         4    #####..
 Fireball                 Conj/Fire      #.........   100%        5    ######.
 Apportation              Tloc           #.....       52%         1    #......
 Conjure Flame            Conj/Fire      #.......     88%         3    ###....
 Bolt of Fire             Conj/Fire      #.........   100%        6    #######
 Lightning Bolt           Conj/Air       #.........   100%        5    ######.
 Bolt of Magma            Conj/Fire/Erth #.........   100%        5    ######.
 Slow                     Hex            #.......     67%         2    ###....
 Confuse                  Hex            #.......     88%         3    ###....
 Invisibility             Hex            #.......     100%        6    #######
 Throw Flame              Conj/Fire      #.....       67%         2    ###....
 Throw Frost              Conj/Ice       #.....       67%         2    ###....
 Freezing Cloud           Conj/Ice/Air   #.........   100%        6    #######
 Mephitic Cloud           Conj/Pois/Air  #.......     88%         3    ###....
 Ring of Flames           Chrm/Fire      #.........   100%        7    #######
 Venom Bolt               Conj/Pois      #.........   100%        5    ######.
 Olgreb's Toxic Radiance  Pois           #.......     99%         4    #####..
 Teleport Other           Tloc           #.......     88%         3    ###....
 Blink                    Tloc           N/A          67%         2    ###....
 Animate Dead             Necr           N/A          99%         4    #####..
 Pain                     Necr           #...         52%         1    #......
 Animate Skeleton         Necr           N/A          52%         1    #......
 Vampiric Draining        Necr           #.........   88%         3    ###....
 Freeze                   Ice            #...         52%         1    #......
 Sticky Flame             Conj/Fire      #.......     99%         4    #####..
 Summon Ice Beast         Ice/Summ       #.......     99%         4    #####..
 Ozocubu's Armour         Chrm/Ice       #.......     88%         3    ###....
 Regeneration             Chrm/Necr      #.........   88%         3    ###....
 Sting                    Conj/Pois      #...         52%         1    #......
 Sublimation of Blood     Necr           #.........   67%         2    ###....
 Summon Demon             Summ           #.........   100%        5    ######.
 Corpse Rot               Necr           N/A          67%         2    ###....
 Iron Shot                Conj/Erth      #.........   100%        6    #######
 Stone Arrow              Conj/Erth      #.....       88%         3    ###....
 Shock                    Conj/Air       #...         52%         1    #......
 Swiftness                Chrm/Air       #.......     67%         2    ###....
 Spider Form              Tmut/Pois      #.........   88%         3    ###....
 Blade Hands              Tmut           #.........   100%        5    ######.
 Statue Form              Tmut/Erth      #........    100%        6    #######
 Ice Form                 Ice/Tmut       #.......     99%         4    #####..
 Dragon Form              Tmut           #.........   100%        7    #######
 Throw Icicle             Conj/Ice       #.......     99%         4    #####..
 Airstrike                Air            #.........   99%         4    #####..
 Confusing Touch          Hex            #.....       52%         1    #......
 Flame Tongue             Conj/Fire      #....        52%         1    #......
 Passwall                 Tmut/Erth      #.......     67%         2    ###....
 Ignite Poison            Fire/Tmut/Pois #.......     88%         3    ###....
 Sticks to Snakes         Tmut           #.......     67%         2    ###....
 Call Canine Familiar     Summ           #.......     88%         3    ###....
 Metabolic Englaciation   Hex/Ice        #.........   100%        5    ######.
 Summon Butterflies       Summ           #.......     52%         1    #......
 Shatter                  Erth           #.........   100%        9    #######
 Static Discharge         Conj/Air       #.......     88%         3    ###....
 Corona                   Hex            #......      52%         1    #......
 Lee's Rapid Deconstruct  Erth           #.........   100%        5    ######.
 Sandblast                Erth           #.....       52%         1    #......
 Portal Projectile        Hex/Tloc       #.....       88%         3    ###....
 Petrify                  Tmut/Erth      #.......     99%         4    #####..
 Passage of Golubria      Tloc           N/A          99%         4    #####..
 Malign Gateway           Summ/Tloc      #.........   100%        7    #######
 Tornado                  Air            #.........   100%        9    #######
 Leda's Liquefaction      Hex/Erth       #.........   99%         4    #####..
 Summon Hydra             Summ           #.........   100%        7    #######
 Darkness                 Hex            #.........   100%        6    #######
 Shroud of Golubria       Chrm/Tloc      #.........   67%         2    ###....
 Inner Flame              Hex/Fire       #.......     88%         3    ###....
 Beastly Appendage        Tmut           #.....       52%         1    #......
 Iskenderun's Battlesphe  Conj/Chrm      #.......     100%        5    ######.
 Infusion                 Chrm           #...         52%         1    #......
 Song of Slaying          Chrm           #.......     67%         2    ###....
 Spectral Weapon          Hex/Chrm       #.......     88%         3    ###....
 Summon Forest            Summ/Tloc      #.........   100%        5    ######.
 Summon Lightning Spire   Summ/Air       #.......     99%         4    #####..
 Summon Guardian Golem    Hex/Summ       #.......     88%         3    ###....
 Summon Mana Viper        Hex/Summ       #.......     100%        5    ######.
 Hydra Form               Tmut           #.........   100%        6    #######
 Irradiate                Conj/Tmut      #.........   100%        5    ######.
 Gell's Gravitas          Tloc           #.........   88%         3    ###....
 Yara's Violent Unravell  Hex/Tmut       #.........   100%        5    ######.
 Lesser Beckoning         Tloc           #.........   88%         3    ###....
 Poisonous Vapours        Pois/Air       #.....       67%         2    ###....
 Ignition                 Fire           #.........   100%        8    #######


Dungeon Overview and Level Annotations

Branches:
Dungeon (15/15)            Temple (1/1) D:7            Lair (6/6) D:8
 Shoals (4/4) Lair:2        Snake (4/4) Lair:2        Slime (0/5) Lair:5
    Orc (2/2) D:11            Elf (0/3) Orc:2        Vaults (5/5) D:14
  Crypt (0/3) Vaults:3     Depths (5/5) D:15            Zot (5/5) Depths:5

Altars:
Ashenzari
Cheibriados
Dithmenos
Elyvilon
Fedhas
Gozag
Hepliaklqana
Kikubaaqudgha
Makhleb
Nemelex Xobeh
Okawaru
Qazlal
Ru
Sif Muna
Trog
Uskayaw
Vehumet
Wu Jian
Xom
Yredelemnul
Zin
The Shining One
Beogh
Jiyva

Shops:
D:8 *:   D:10 *   D:12 ?   Orc:2 *?:*   Shoals:4 :   Snake:2 *   Snake:4 !=}}
Vaults:3 !}   Depths:4 }

Portals:
Hell: Depths:1 Depths:2 Depths:3 Depths:4 Depths:5
Abyss: Depths:2 Depths:4
Pandemonium: Depths:3 Depths:5
Ziggurat: Depths:3

Annotations:
Depths:3 exclusions: great orb of eyes and 3 more exclusions


Innate Abilities, Weirdness & Mutations

You cannot be hasted, slowed, berserked, paralysed or teleported.
You can dig through walls and to a lower floor.
Your four strong arms can wield two-handed weapons with a shield.
You have a pair of large antennae on your head. (SInv)
You cannot read scrolls while threatened.
You cannot study or use magical devices.
You cannot study or cast Conjurations magic.
You cannot study or cast Ice magic.
You cannot study or cast Transmutations magic.
You are somewhat inexperienced. (-2 XL)
You have sharp toenails.
Your skin changes colour to match your surroundings (Stealth+).
You possess an exceptional clarity of mind.
Your mind is acute. (Int +2)


Message History

You shoot a bolt. The bolt hits the hell hound!!!
You kill the hell hound! 2 hell hounds come into view.
The hell hound barks! x2
The hell hound moves out of view.
Firing (i - inventory)
k - 1814 bolts (quivered)
Press: ? - help, Shift-Dir - straight line, f - hell hound
Aim: a hell hound You shoot a bolt.
The bolt hits the hell hound!!!
You kill the hell hound!
Firing (i - inventory)
k - 1813 bolts (quivered)
Press: ? - help, Shift-Dir - straight line, f - hell hound
Aim: a hell hound You shoot a bolt.
The bolt hits the hell hound!!!
You kill the hell hound!
No target in view!
Things that are here:
2 bolts; a hell hound corpse x2
There is a staircase leading out of the dungeon here.
You have escaped!

.....###......####
...#...#....(....#
####.#.#..######.#
.....#(#..#..>.#.#
.....(....#...[#.#
.######.......[#.#
.# ###.#..?.#.# .#
#.######.# .#
#.......@# ##
##########


There were no monsters in sight!

Vanquished Creatures
  3 orbs of fire (Zot:5)
  Mara (Vaults:2)
  3 ancient liches
  Frederick (Vaults:2)
  The ghost of Aptytisy the Metallomancer, a veteran GrWz of Vehumet (Vaults:1)
  Saint Roka (Vaults:4)
  Margery (Vaults:4)
  3 Killer Klowns (Zot:5)
  9 caustic shrikes (Depths:4)
  9 golden dragons
  A bone dragon (Depths:5)
  4 electric golems
  17 tentacled monstrosities
  2 liches
  25 Orb Guardians
  5 quicksilver dragons
  7 titans
  9 sphinxes
  A kraken (Shoals:1)
  8 death cobs
  The ghost of Meatbag the Corrupter of Planes, an adept GnAK of Lugonu (Snake:2)
  15 shadow dragons
  18 storm dragons
  11 tengu reavers
  Roxanne (Snake:2)
  8 draconian monks
  5 fire giants
  2 azure jellies (shapeshifter) (Depths:2)
  A storm dragon (shapeshifter) (Vaults:5)
  An iron dragon (shapeshifter) (Depths:2)
  Ilsuiw (Shoals:2)
  17 frost giants
  5 imperial myrmidons (Desolation)
  9 nagarajas
  23 vault wardens
  6 orc warlords
  An iron dragon (Depths:4)
  4 draconian knights
  9 draconian scorchers
  6 ghost moths
  A deep elf elementalist (Vaults:4)
  11 draconian shifters
  Louise (Snake:2)
  6 draconian annihilators
  38 very ugly things
  4 war gargoyles
  21 ironheart preservers
  A spriggan defender (Depths:1)
  9 draconian stormcallers
  3 entropy weavers
  18 stone giants
  A vampire knight (Depths:4)
  An entropy weaver (shapeshifter) (Depths:2)
  13 green draconians
  11 black draconians
  A minotaur (Lab)
  A stone giant (shapeshifter) (Vaults:4)
  Nessos (D:14)
  A dire elephant (shapeshifter) (Depths:2)
  4 deep elf annihilators
  13 purple draconians
  15 red draconians
  A minotaur (shapeshifter) (Vaults:5)
  A dire elephant (Lair:2)
  9 white draconians
  6 spark wasps
  7 merfolk javelineers
  13 yellow draconians
  Azrael (D:14)
  13 crystal guardians
  8 ettins
  23 fire dragons
  4 blizzard demons
  Josephine (D:10)
  10 merfolk impalers
  15 ogre magi
  12 yaktaur captains
  Erolcha (D:10)
  4 deep elf high priests
  2 jiangshi (Depths:3)
  9 servants of whispers (Desolation)
  Harold (D:10)
  10 ragged hierophants (Desolation)
  9 great orbs of eyes
  4 rakshasas
  8 peacekeepers (Desolation)
  38 vault guards
  A hydra (shapeshifter) (Depths:2)
  10 ice dragons
  An ice dragon (shapeshifter) (Depths:2)
  2 alligator snapping turtles (Shoals:3)
  8 naga warriors
  5 merfolk avatars
  5 merfolk aquamancers
  3 death knights
  11 centaur warriors
  16 hydras
  3 spriggan air magi
  4 catoblepae
  3 death yaks
  15 anacondas
  18 dancing weapons
  46 two-headed ogres
  A two-headed ogre (shapeshifter) (Depths:2)
  13 deep troll shamans
  3 satyrs
  A queen ant (shapeshifter) (Vaults:4)
  10 tengu warriors
  2 vampire magi (Depths:3)
  5 deep troll earth magi
  6 shock serpents
  4 orc high priests (Orc:2)
  14 naga sharpshooters
  3 soul eaters
  An iron troll (shapeshifter) (Depths:2)
  Urug (D:10)
  2 shadow wraiths
  2 deep elf knights
  2 sun demons (Depths:3)
  2 sixfirhies (Zot:4)
  6 hell knights
  2 iron trolls
  6 salamander mystics
  A torturous demonspawn (Depths:5)
  4 glowing orange brains
  A shadow demon (Depths:3)
  A sea snake (shapeshifter) (Vaults:1)
  An infernal demonspawn (Depths:5)
  23 sea snakes
  27 deep trolls
  24 ironbrand convokers
  A swamp dragon (shapeshifter) (Depths:2)
  5 unseen horrors
  6 obsidian statues
  11 deep elf archers
  9 wizards
  3 naga ritualists
  5 flayed ghosts
  16 orc knights
  An orange crystal statue (Zot:5)
  4 lindwurms (Snake:4)
  2 necromancers
  17 mana vipers
  5 harpies
  6 phantasmal warriors
  9 wolf spiders
  38 ugly things
  19 deep elf magi
  6 orc sorcerers
  3 oklob plants (Lair:2)
  3 manticores (shapeshifter)
  A glowing shapeshifter (Depths:4)
  25 manticores
  A salamander (shapeshifter) (Vaults:4)
  13 cyclopes
  10 fauns
  A shining eye (shapeshifter) (Depths:2)
  Joseph (D:7)
  9 salamanders
  23 moths of wrath
  3 centaur zombies
  Maurice (Orc:2)
  11 merfolk sirens
  An elephant (shapeshifter) (Depths:2)
  7 guardian serpents
  27 black mambas
  13 elephants
  An orange demon (Depths:3)
  A black mamba (shapeshifter) (Depths:1)
  2 rust devils (D:3)
  23 naga magi
  11 spiny frogs
  2 torpor snails
  19 vault sentinels
  Psyche (D:9)
  2 water nymphs (Shoals:1)
  2 centaur skeletons
  3 molten gargoyles (Depths:2)
  3 ice statues (IceCv)
  3 gargoyles (Depths:2)
  A spiny frog (shapeshifter) (Depths:1)
  An efreet (D:14)
  A komodo dragon (shapeshifter) (Vaults:1)
  7 freezing wraiths
  5 kobold demonologists
  4 komodo dragons
  2 hellwings
  12 rime drakes
  4 ice devils (Depths:3)
  2 meliai
  57 yaktaurs
  A queen bee (shapeshifter) (Vaults:4)
  5 trolls
  5 tengu conjurers
  A red devil (Depths:3)
  A jumping spider (shapeshifter) (Vaults:1)
  7 polar bears
  Prince Ribbit (D:8)
  34 merfolk
  6 hornets
  3 raiju (Depths:2)
  18 blink frogs
  5 wind drakes
  61 saltlings (Desolation)
  13 hippogriffs
  A slime creature (shapeshifter) (Vaults:2)
  21 slime creatures
  6 dream sheep
  9 snapping turtles
  8 redbacks
  A redback (shapeshifter) (Vaults:1)
  6 air elementals (Depths:2)
  A centaur simulacrum (D:15)
  2 shadows (D:15)
  11 spriggans (Lair:6)
  20 water elementals
  6 wyverns
  61 yaks
  4 hogs (D:8)
  12 wraiths
  A ynoxinul (Depths:5)
  A hog (shapeshifter) (Depths:2)
  A basilisk (Lair:2)
  2 chaos spawn
  3 hungry ghosts
  9 fire elementals
  A human (D:8)
  12 steam dragons
  A steam dragon (shapeshifter) (Depths:4)
  A vampire mosquito (D:14)
  12 wargs
  26 nagas
  Edmund (D:4)
  2 acid dragons
  A soldier ant (D:13)
  24 water moccasins
  Duvessa (D:6)
  7 hell hounds
  58 orc warriors
  6 porcupines
  4 sky beasts
  5 black bears
  2 phantoms (D:4)
  A hornet zombie (D:13)
  48 ogres
  9 ice beasts
  An eye of draining (D:10)
  An eye of draining (shapeshifter) (Vaults:5)
  An ogre (shapeshifter) (Vaults:5)
  7 boggarts
  26 centaurs
  6 crocodiles
  42 wolves
  9 big kobolds
  A big kobold (shapeshifter) (Vaults:2)
  Blork the orc (D:4)
  A gnoll sergeant (D:9)
  24 bullfrogs
  7 earth elementals (Depths:2)
  A glowing shapeshifter simulacrum (Vaults:3)
  4 scorpions
  Dowan (D:6)
  5 killer bees (D:8)
  2 howler monkeys
  10 wights
  2 electric eels (Lair:2)
  13 crimson imps
  3 quasits
  A bullfrog zombie (D:10)
  6 hounds
  40 orc priests
  6 iron imps
  4 jellies
  34 orc wizards
  A bullfrog skeleton (D:8)
  An iguana (D:9)
  Natasha (thrice) (D:3)
  12 worker ants
  A hound skeleton (D:9)
  4 gnolls (D:9)
  A howler monkey skeleton (D:6)
  17 adders
  A river rat (D:3)
  A shadow imp (D:7)
  5 white imps
  An ufetubus (Depths:5)
  3 oozes (D:1)
  An adder skeleton (D:4)
  A worm (D:2)
  3 ball lightnings (Depths:2)
  A dart slug (D:1)
  2 leopard geckos
  144 orcs
  4 giant cockroaches
  5 hobgoblins
  8 jackals
  32 kobolds
  3 quokkas
  A ball python (D:3)
  6 bats
  5 frilled lizards
  13 goblins
  A quokka skeleton (D:4)
  6 rats
  5 plants
  2 tentacles (Shoals:1)
2566 creatures vanquished.

Vanquished Creatures (collateral kills)
  A leopard gecko (D:3)
  A rat (D:3)
2 creatures vanquished.

Vanquished Creatures (others)
  A death cob (Zot:2)
  A shadow dragon (Vaults:5)
  A sphinx (D:14)
  A draconian knight (Zot:1)
  A green draconian (Zot:5)
  A very ugly thing (Depths:2)
  A black draconian (Zot:3)
  A red draconian (Zot:5)
  A white draconian (Zot:5)
  A fire dragon (Depths:1)
  A merfolk impaler (Depths:1)
  A hydra (Depths:4)
  An ogre mage (Vaults:3)
  A two-headed ogre (Vaults:1)
  A salamander mystic (Snake:3)
  A glowing orange brain (shapeshifter) (Depths:2)
  An ironbrand convoker (Vaults:3)
  An orc knight (Orc:2)
  2 orc sorcerers
  An ugly thing (Depths:2)
  A manticore (Shoals:4)
  A cyclops (Vaults:2)
  2 naga magi (Snake:4)
  A black mamba (Lair:5)
  An orange demon (Depths:3)
  A redback zombie (D:14)
  A meliai (shapeshifter) (Depths:2)
  3 merfolk
  A tyrant leech (shapeshifter) (Depths:2)
  A raiju (Depths:2)
  A hippogriff (Lair:6)
  A dream sheep (Lair:5)
  A water elemental (Depths:2)
  2 fire elementals (Depths:2)
  2 air elementals (Depths:2)
  Menkaure (D:7)
  An insubstantial wisp (Depths:2)
  A hell hound (Depths:4)
  2 water moccasins
  A porcupine (D:8)
  An orc warrior (Vaults:2)
  5 ogres
  2 centaurs (Vaults:1)
  A wolf (Lair:1)
  A killer bee (D:8)
  2 orc wizards
  A shadow imp (Depths:3)
  A white imp (Depths:3)
  8 ball lightnings (Depths:2)
  10 orcs
  2 kobolds
  A frilled lizard (D:4)
  27 fungi
  34 plants
  8 tentacles (Shoals:1)
  9 toadstools (Lair:2)
160 creatures vanquished.

Grand Total: 2728 creatures vanquished

Notes
Turn   | Place    | Note
-------+----------+-------------------------------------------
     0 | D:1      | Medar the Formicid Transmuter began the quest for the Orb.
     0 | D:1      | Reached XP level 1. HP: 15/15 MP: 3/3
     9 | D:1      | Noticed a bullfrog
    56 | D:1      | Reached XP level 2. HP: 18/22 MP: 3/5
   196 | D:1      | Reached skill level 1 in Shields
   276 | D:1      | Reached XP level 3. HP: 19/28 MP: 4/6
   387 | D:1      | Learned a level 2 spell: Sticks to Snakes
   866 | D:2      | Found an ornate altar of the Wu Jian Council.
   942 | D:2      | Found a faded altar of an unknown god.
  1232 | D:2      | Reached XP level 4. HP: 34/34 MP: 5/7
  1563 | D:2      | Found a sacrificial altar of Ru.
  1571 | D:2      | Became a worshipper of Ru the Awakened
  1820 | D:3      | Noticed Natasha
  1998 | D:3      | Found an iron altar of Okawaru.
  2025 | D:3      | Killed Natasha
  2025 | D:3      | Reached skill level 1 in Maces & Flails
  2025 | D:3      | Reached XP level 5. HP: 22/39 MP: 1/8
  2145 | D:3      | Noticed an ice beast
  2443 | D:3      | Noticed Natasha
  2455 | D:3      | Killed Natasha
  2660 | D:3      | Noticed Natasha
  2672 | D:3      | Killed Natasha
  3331 | D:3      | Reached XP level 6. HP: 43/46 MP: 9/9
  3362 | D:3      | Reached skill level 5 in Shields
  3656 | D:3      | Killed an ice beast
  3853 | D:4      | Noticed Edmund
  3910 | D:4      | Noticed a phantom
  3933 | D:4      | You fall through a shaft for 3 floors!
  3939 | D:7      | Reached XP level 7. HP: 20/51 MP: 10/10
  3958 | D:7      | Noticed a hippogriff
  4170 | D:6      | Found a shadowy altar of Dithmenos.
  4173 | D:5      | Entered Level 5 of the Dungeon
  4229 | D:5      | Gained mutation: You cannot study or use magical devices. [Ru sacrifice]
  4229 | D:5      | Reached * piety under Ru
  4229 | D:5      | Reached ** piety under Ru
  4297 | D:5      | Reached skill level 5 in Maces & Flails
  4508 | D:5      | Reached XP level 8. HP: 29/57 MP: 11/11
  5013 | D:4      | Reached skill level 1 in Armour
  5082 | D:4      | Killed Edmund
  5427 | D:4      | Noticed Blork the orc
  5434 | D:4      | Killed Blork the orc
  6103 | D:5      | Reached XP level 9. HP: 62/62 MP: 12/12
  6572 | D:6      | Noticed Dowan
  6600 | D:6      | Killed Dowan
  6738 | D:6      | Noticed Duvessa
  6753 | D:6      | Killed Duvessa
  7015 | D:6      | Got a brightly glowing ring mail
  7031 | D:6      | Identified the +5 ring mail of Anerph {+Fly rElec rC++ Dex-4} (You found it on level 6 of the Dungeon)
  7111 | D:6      | Gained mutation: You cannot read scrolls while threatened. [Ru sacrifice]
  7111 | D:6      | Reached *** piety under Ru
  7159 | D:6      | Killed a hippogriff
  7168 | D:7      | Noticed Joseph
  7322 | D:7      | Noticed Menkaure
  7708 | D:7      | Killed Menkaure
  7864 | D:7      | Found a staircase to the Ecumenical Temple.
  7873 | Temple   | Entered the Ecumenical Temple
  8669 | D:7      | Killed Joseph
  8770 | D:8      | Reached skill level 5 in Armour
  8770 | D:8      | Reached XP level 10. HP: 68/68 MP: 13/13
  8977 | D:8      | Reached skill level 10 in Maces & Flails
  9716 | D:8      | Noticed Prince Ribbit
  9884 | D:8      | Found a staircase to the Lair.
 10247 | D:8      | Killed Prince Ribbit
 10291 | D:8      | Found Wuserghyzyz's Assorted Antiques.
 10317 | D:8      | Found Menkywaech's Book Boutique.
 10527 | D:8      | Bought a faintly humming scale mail for 207 gold pieces
 10537 | D:8      | Identified the +0 scale mail of the Known World {+Inv Regen+ rCorr Int+4} (You bought it in a shop on level 8 of the Dungeon)
 10600 | D:9      | Gained mutation: You cannot study or cast Ice magic. [Ru sacrifice]
 10600 | D:9      | Gained mutation: You cannot study or cast Transmutations magic. [Ru sacrifice]
 10600 | D:9      | Gained mutation: You cannot study or cast Conjurations magic. [Ru sacrifice]
 10600 | D:9      | Reached **** piety under Ru
 10678 | D:9      | Noticed Psyche
 10699 | D:9      | Killed Psyche
 10699 | D:9      | Reached XP level 11. HP: 75/75 MP: 14/14
 10993 | D:9      | Found a glowing silver altar of Zin.
 10993 | D:9      | Noticed an angel
 11578 | D:10     | Entered Level 10 of the Dungeon
 11578 | D:10     | Found Ysaareigh's General Store.
 11578 | D:10     | Noticed a cyclops
 11875 | D:10     | Noticed Harold
 11875 | D:10     | Noticed Urug
 12011 | D:10     | Killed a cyclops
 12011 | D:10     | Reached skill level 10 in Shields
 12039 | D:10     | Noticed a wizard
 12045 | D:10     | Noticed a wizard
 12059 | D:10     | Killed a wizard
 12060 | D:10     | Killed a wizard
 12075 | D:10     | Identified Lee's Almanac of Plaster Cramp
 12085 | D:10     | Identified the Tome of Sand
 12165 | Lair:1   | Entered Level 1 of the Lair of Beasts
 12241 | Lair:1   | Reached skill level 5 in Fighting
 12594 | Lair:1   | Gained mutation: You are somewhat inexperienced. (-2 XL) [Ru sacrifice]
 12594 | Lair:1   | Reached XP level 10. HP: 75/75 MP: 13/13
 12594 | Lair:1   | Reached XP level 9. HP: 68/68 MP: 12/12
 12594 | Lair:1   | Reached ***** piety under Ru
 12594 | Lair:1   | Reached ****** piety under Ru
 12644 | Lair:1   | Reached XP level 10. HP: 69/76 MP: 13/13
 13080 | Lair:2   | Noticed a five-headed hydra
 13091 | Lair:2   | Killed a five-headed hydra
 13259 | Lair:2   | Noticed a black mamba
 13282 | Lair:1   | Killed a black mamba
 13478 | Lair:2   | Noticed a torpor snail
 13497 | Lair:2   | Killed a torpor snail
 13529 | Lair:2   | Reached XP level 11. HP: 83/83 MP: 14/14
 13559 | Lair:2   | Found a staircase to the Snake Pit.
 13701 | Lair:2   | Noticed a four-headed hydra
 13709 | Lair:2   | Killed a four-headed hydra
 14187 | Lair:2   | Noticed a six-headed hydra
 14203 | Lair:2   | Killed a six-headed hydra
 14378 | Lair:2   | Noticed an oklob plant
 14501 | Lair:2   | Found a staircase to the Shoals.
 14653 | Lair:2   | Found a runed door.
 14723 | Lair:2   | Noticed an oklob plant
 14723 | Lair:2   | Noticed an oklob plant
 14915 | Lair:2   | Noticed a catoblepas
 14918 | Lair:2   | Noticed a dire elephant
 14986 | Lair:2   | Noticed an elephant
 14999 | Lair:2   | Killed an elephant
 15046 | Lair:2   | Killed a catoblepas
 15112 | Lair:2   | Killed a dire elephant
 15112 | Lair:2   | Reached XP level 12. HP: 64/92 MP: 15/15
 15397 | Lair:2   | Got an encrusted spear
 16687 | Lair:3   | Noticed a five-headed hydra
 16696 | Lair:3   | Killed a five-headed hydra
 17016 | Lair:4   | Noticed a death yak
 17017 | Lair:4   | Noticed a death yak
 17037 | Lair:4   | Killed a death yak
 17037 | Lair:4   | Reached XP level 13. HP: 76/103 MP: 16/16
 17068 | Lair:4   | Reached skill level 5 in Dodging
 17072 | Lair:4   | Reached skill level 10 in Fighting
 17233 | Lair:4   | Found a labyrinth entrance.
 17240 | Lab      | Entered a labyrinth
 17362 | Lab      | Noticed a minotaur
 17391 | Lab      | Killed a minotaur
 17391 | Lab      | Reached skill level 10 in Armour
 17406 | Lab      | Got a polished mace
 17407 | Lab      | Identified the +4 mace of Mahugged {drain, Int+4} (You found it in a labyrinth)
 18410 | Lair:5   | Noticed a seven-headed hydra
 18481 | Lair:5   | Found a staircase to the Slime Pits.
 18481 | Lair:5   | Found a viscous altar of Jiyva.
 19582 | Lair:5   | Killed a seven-headed hydra
 19582 | Lair:5   | Reached XP level 14. HP: 94/113 MP: 17/17
 19763 | Lair:6   | Entered Level 6 of the Lair of Beasts
 22014 | D:10     | Killed Urug
 22146 | D:10     | Killed Harold
 22201 | D:10     | Noticed Erolcha
 22207 | D:10     | Killed Erolcha
 22207 | D:10     | Reached skill level 15 in Maces & Flails
 22207 | D:10     | Reached XP level 15. HP: 121/121 MP: 18/18
 22252 | D:10     | Identified the Papyrus of Dhcmrlchtdj
 22256 | D:10     | Noticed Josephine
 22269 | D:10     | Killed Josephine
 23011 | D:11     | Found a staircase to the Orcish Mines.
 23215 | Orc:1    | Entered Level 1 of the Orcish Mines
 23311 | Orc:2    | Entered Level 2 of the Orcish Mines
 23508 | Orc:1    | Noticed an orc warlord
 24300 | Orc:2    | Found a roughly hewn altar of Beogh.
 24577 | Orc:2    | Found Widoycky's General Store.
 24591 | Orc:2    | Bought a scroll of identify for 30 gold pieces
 24703 | Orc:2    | Found Omauppen's Book Shop.
 24830 | Orc:2    | Noticed an orc warlord
 24841 | Orc:2    | Killed an orc warlord
 24917 | Orc:2    | Noticed Maurice
 24922 | Orc:2    | Killed Maurice
 25356 | Orc:2    | Found a staircase to the Elven Halls.
 25455 | Orc:2    | Found a roughly hewn altar of Beogh.
 25456 | Orc:2    | Noticed an orc warlord
 25495 | Orc:2    | Killed an orc warlord
 25725 | Orc:2    | Found Binovife's Assorted Antiques.
 25836 | Orc:2    | Found Pusoe's Magic Scroll Boutique.
 26359 | Orc:2    | Bought a scroll of enchant armour for 82 gold pieces
 26359 | Orc:2    | Bought a scroll of identify for 22 gold pieces
 26359 | Orc:2    | Bought a scroll of enchant weapon for 82 gold pieces
 26359 | Orc:2    | Bought a scroll of brand weapon for 220 gold pieces
 26359 | Orc:2    | Bought a scroll of identify for 22 gold pieces
 26359 | Orc:2    | Bought a scroll of enchant armour for 82 gold pieces
 26389 | Orc:2    | Bought a scroll of identify for 54 gold pieces
 26389 | Orc:2    | Bought a scroll labeled LERIME YPSAKHUQOG for 27 gold pieces
 26389 | Orc:2    | Bought a scroll of enchant weapon for 202 gold pieces
 26389 | Orc:2    | Bought 3 scrolls labeled LERIME YPSAKHUQOG for 81 gold pieces
 26547 | D:8      | Bought a scroll of identify for 46 gold pieces
 26547 | D:8      | Bought a scroll of identify for 46 gold pieces
 26553 | D:8      | Reached XP level 16. HP: 127/127 MP: 19/19
 26674 | D:12     | Found Palyt's Magic Scroll Shop.
 27324 | D:11     | Found a burning altar of Makhleb.
 27405 | D:13     | Reached XP level 17. HP: 83/133 MP: 20/20
 27538 | D:13     | Found a frozen archway.
 27557 | IceCv    | Entered an ice cave
 27907 | IceCv    | Got spiked ice dragon scales
 27918 | IceCv    | Identified the +6 ice dragon scales "Rorgh" {+Fly rF- rC++ SInv} (You found it in an ice cave)
 28087 | D:13     | Gained mutation: Your spells are a little harder to cast, but a little more powerful. [potion of mutation]
 28087 | D:13     | Gained mutation: You are resistant to hostile enchantments. (MR+) [potion of mutation]
 28087 | D:13     | Gained mutation: You are covered in fur. (AC +1) [potion of mutation]
 28087 | D:13     | Gained mutation: You are highly resistant to hostile enchantments. (MR++) [potion of mutation]
 29201 | D:14     | Reached skill level 1 in Crossbows
 29494 | D:14     | Got a crude ring mail
 29497 | D:14     | Identified the +0 ring mail "Kuditusm" {rPois rF+++} (You found it on level 14 of the Dungeon)
 29592 | D:14     | Noticed Azrael
 29603 | D:14     | Killed Azrael
 29828 | D:14     | Identified the Tome of Dislocation
 29914 | D:14     | Found a gate to the Vaults.
 29928 | D:14     | Noticed Nessos
 29948 | D:14     | Killed Nessos
 30137 | D:14     | Reached skill level 5 in Crossbows
 30351 | D:14     | Noticed a sphinx
 30366 | D:14     | Killed a sphinx
 30625 | D:14     | Got a flickering pewter ring
 30627 | D:14     | Identified the ring "Adwev" {+Blink rPois EV+2 Int-4 Dex+5} (You found it on level 14 of the Dungeon)
 30677 | D:14     | Reached XP level 18. HP: 128/140 MP: 21/21
 30692 | D:14     | Got a smoking war axe
 30889 | D:15     | Entered Level 15 of the Dungeon
 30910 | D:15     | Found a staircase to the Depths.
 32162 | Snake:1  | Entered Level 1 of the Snake Pit
 32506 | Snake:1  | Reached skill level 10 in Crossbows
 33452 | Snake:2  | Noticed Louise
 33459 | Snake:2  | Killed Louise
 33749 | Snake:2  | Noticed Roxanne
 33770 | Snake:2  | Killed Roxanne
 33843 | Snake:2  | Found a runed gate.
 33844 | Snake:2  | Found an opulent altar of Gozag.
 33844 | Snake:2  | Found Vegeogu's Assorted Antiques.
 33845 | Snake:2  | Found a runed gate.
 33845 | Snake:2  | Found a runed gate.
 33845 | Snake:2  | Noticed Meatbag's ghost (adept GnAK)
 34561 | Snake:3  | Reached XP level 19. HP: 146/146 MP: 22/22
 34740 | Snake:4  | Entered Level 4 of the Snake Pit
 34740 | Snake:4  | Found Yquci's Distillery.
 34754 | Snake:4  | Bought a potion of might for 80 gold pieces
 34754 | Snake:4  | Bought a potion of might for 80 gold pieces
 34754 | Snake:4  | Bought a potion of heal wounds for 100 gold pieces
 35170 | Snake:4  | Found Pacuv's Gadget Emporium.
 35202 | Snake:4  | Found Ekhlinorph's Gadget Emporium.
 35203 | Snake:4  | Found Ciedek's Jewellery Shop.
 36152 | Snake:4  | Got a warped battleaxe
 36153 | Snake:4  | Identified the +1 battleaxe of Karma {holy, rN+ Str+5 Int-5} (You found it on level 4 of the Snake Pit)
 36333 | Snake:4  | Got a transparent amber ring
 36334 | Snake:4  | Identified the ring "Cunwer" {Wiz rElec rPois rC- Stlth+} (You found it on level 4 of the Snake Pit)
 36545 | Snake:4  | Reached skill level 15 in Shields
 36625 | Snake:4  | Got a scorched chain mail
 36626 | Snake:4  | Identified the +2 chain mail of Susel {rF+ Str+4 Int+2} (You found it on level 4 of the Snake Pit)
 36677 | Snake:4  | Got a serpentine rune of Zot
 36816 | Snake:4  | Bought a potion of curing for 60 gold pieces
 36816 | Snake:4  | Bought a potion of curing for 60 gold pieces
 36816 | Snake:4  | Bought 2 potions of ambrosia for 320 gold pieces
 37063 | Snake:2  | Killed Meatbag's ghost
 37072 | Snake:2  | Reached XP level 20. HP: 130/153 MP: 23/23
 37188 | Snake:2  | Bought a knobbly gilded ring for 155 gold pieces
 37434 | Shoals:1 | Entered Level 1 of the Shoals
 38187 | Shoals:1 | Found a runed door.
 38200 | Shoals:1 | Reached skill level 15 in Crossbows
 38661 | Shoals:2 | Noticed Ilsuiw
 38678 | Shoals:2 | Killed Ilsuiw
 40294 | Shoals:4 | Entered Level 4 of the Shoals
 41345 | Shoals:4 | Found Zaaleh's Book Boutique.
 41913 | Shoals:4 | Got a barnacled rune of Zot
 41943 | Shoals:4 | Reached XP level 21. HP: 138/159 MP: 24/24
 42645 | Vaults:1 | Entered Level 1 of the Vaults
 43793 | Vaults:1 | Found a runed door.
 43843 | Vaults:1 | Noticed Aptytisy's ghost (veteran GrWz)
 43852 | Vaults:1 | You fall through a shaft!
 43852 | Vaults:2 | Noticed Frederick
 43864 | Vaults:2 | Killed Frederick
 44968 | Vaults:2 | Noticed Mara
 44975 | Vaults:2 | Noticed Medar's illusion
 44994 | Vaults:2 | Killed Mara
 44994 | Vaults:2 | Reached XP level 22. HP: 144/169 MP: 25/25
 45476 | Vaults:3 | Found a staircase to the Crypt.
 45476 | Vaults:3 | Found an ancient bone altar of Kikubaaqudgha.
 45488 | Vaults:3 | Found a basalt altar of Yredelemnul.
 45662 | Vaults:3 | Found Seqyph's Distillery.
 46094 | Vaults:3 | Reached skill level 10 in Dodging
 46471 | Vaults:3 | Found Jussono's Gadget Boutique.
 47213 | Vaults:4 | Noticed Margery
 47225 | Vaults:4 | Killed Margery
 47270 | Vaults:4 | Found a ruined gateway.
 47584 | Desolati | Entered the Desolation of Salt
 47614 | Desolati | Reached XP level 23. HP: 178/178 MP: 26/26
 47670 | Desolati | Found the +7 captain's cutlass {speed, disarm}
 47838 | Desolati | Got a transparent cloak
 47857 | Desolati | Identified the +1 cloak of Ecserij {rF+ rC+ Dex+3} (You found it in the Desolation of Salt)
 47859 | Desolati | Got an ancient ivory ring
 47860 | Desolati | Identified the ring "Maig" {rCorr rN++ Str+6} (You found it in the Desolation of Salt)
 48320 | Desolati | Identified the Guide on Assistive Curses
 48326 | Desolati | Got a steaming bronze ring
 48327 | Desolati | Identified the ring "Aceq" {MP+9 Int+2} (You found it in the Desolation of Salt)
 48330 | Desolati | Got a jewelled quarterstaff
 48356 | Desolati | Got an ancient iron ring
 48357 | Desolati | Identified the ring of Unuko {rElec Stlth+} (You found it in the Desolation of Salt)
 48957 | Vaults:4 | Reached skill level 15 in Fighting
 49090 | Vaults:4 | Reached skill level 15 in Armour
 49340 | Vaults:4 | Reached XP level 24. HP: 171/189 MP: 26/26
 50518 | Vaults:1 | Killed Aptytisy's ghost
 50689 | Vaults:5 | Entered Level 5 of the Vaults
 50880 | Vaults:5 | Noticed Saint Roka
 51900 | Vaults:4 | Killed Saint Roka
 52150 | Vaults:5 | Noticed a golden dragon
 52843 | Vaults:4 | Reached XP level 25. HP: 100/201 MP: 26/26
 53413 | Vaults:5 | Noticed an ancient lich
 53417 | Vaults:5 | Killed an ancient lich
 53665 | Vaults:5 | Got a warped long sword {elec}
 53991 | Vaults:5 | Got a smoking amethyst amulet
 54049 | Vaults:5 | Got a steaming pewter ring
 54272 | Vaults:5 | Got an encrusted shortbow
 54286 | Vaults:5 | Got a silver rune of Zot
 54820 | Vaults:5 | Identified the ring of Mistrust {rElec rPois rC++ Dex-5 Stlth-} (You took it off a deep elf annihilator on level 5 of the Vaults)
 54821 | Vaults:5 | Identified the amulet of Eternity {Gourm rPois rF- Int+7} (You took it off an ironheart preserver on level 5 of the Vaults)
 55587 | Vaults:5 | Got a sparkling ivory ring
 55588 | Vaults:5 | Identified the ring "Mamibuta" {rN+ Str+5} (You took it off a vault sentinel on level 5 of the Vaults)
 55626 | Vaults:5 | Found the +15 Maxwell's patent armour {-Cast -Tele rElec MR+ rCorr}
 55627 | Vaults:5 | Found the ring of Robustness {AC+8}
 55627 | Vaults:5 | Found the +3 sling "Punk" {acid, rCorr}
 55634 | Vaults:5 | Found the +12 glaive of Prune {chop}
 55665 | Vaults:5 | Identified the Guide on Calling
 55677 | Vaults:5 | Got a bloodstained scale mail
 56126 | Depths:1 | Entered Level 1 of the Depths
 56502 | Depths:1 | Got a smoking arbalest
 56508 | Depths:1 | Identified the +9 arbalest of the Vaults {flame, rC+ Str+10 SInv} (You found it on level 1 of the Depths)
 56635 | Depths:1 | Found a gateway to Hell.
 57353 | Depths:1 | Found a stormy altar of Qazlal.
 57375 | Depths:1 | Identified The Foundations of Secret Knowledge
 58000 | Depths:2 | Noticed a caustic shrike
 58000 | Depths:2 | a golden dragon changed into a caustic shrike
 58009 | Depths:2 | a caustic shrike changed into an iron dragon
 58614 | Depths:2 | Found a one-way gate to the infinite horrors of the Abyss.
 58674 | Depths:2 | Got an ominously black robe
 58681 | Depths:2 | Got a smoking lapis lazuli ring
 58682 | Depths:2 | Identified the ring of Henaus {MR++ AC+4 Int-4 Slay+4} (You found it on level 2 of the Depths)
 59639 | Depths:3 | Found a gateway to a ziggurat.
 60118 | Depths:3 | Found a one-way gate leading to the halls of Pandemonium.
 60578 | Depths:4 | Found Beomek's Gadget Emporium.
 60730 | Depths:4 | Identified Xecuhotu's Incunabulum of Flight and Curses
 61025 | Depths:4 | Noticed a caustic shrike
 61025 | Depths:4 | Noticed a caustic shrike
 61025 | Depths:4 | Noticed a caustic shrike
 61031 | Depths:4 | Killed a caustic shrike
 61034 | Depths:4 | Noticed a caustic shrike
 61040 | Depths:4 | Killed a caustic shrike
 61046 | Depths:4 | Killed a caustic shrike
 61054 | Depths:4 | Killed a caustic shrike
 61369 | Depths:4 | Noticed a caustic shrike
 61370 | Depths:4 | Noticed a caustic shrike
 61372 | Depths:4 | Noticed a caustic shrike
 61372 | Depths:4 | Noticed a caustic shrike
 61373 | Depths:4 | Noticed a caustic shrike
 61379 | Depths:4 | Killed a caustic shrike
 61380 | Depths:4 | Killed a caustic shrike
 61385 | Depths:4 | Killed a caustic shrike
 61394 | Depths:4 | Killed a caustic shrike
 61402 | Depths:4 | Killed a caustic shrike
 61435 | Depths:4 | Got an ichor-stained morningstar
 61436 | Depths:4 | Identified the +8 morningstar "Cafy" {venom, Dex+3} (You found it on level 4 of the Depths)
 61452 | Depths:4 | Identified the Reference Book on Enhancements and Companions
 61796 | Depths:5 | Entered Level 5 of the Depths
 61863 | Depths:5 | Identified a scroll of acquirement
 62004 | Depths:5 | Got a pair of shimmering gloves
 62015 | Depths:5 | Identified the +0 pair of gloves "Vumomaitz" {rC++ rN+} (You acquired it on level 5 of the Depths)
 62323 | Depths:5 | Found a gate to the Realm of Zot.
 62993 | Zot:1    | Entered Level 1 of the Realm of Zot
 65297 | Zot:3    | Got a fine mace
 65957 | Zot:4    | Reached skill level 15 in Dodging
 66713 | Zot:5    | Entered Level 5 of the Realm of Zot
 66924 | Zot:5    | Noticed an ancient lich
 66934 | Zot:5    | Killed an ancient lich
 67423 | Zot:5    | Noticed a Killer Klown
 67440 | Zot:5    | Killed a Killer Klown
 67614 | Zot:5    | Noticed a Killer Klown
 67615 | Zot:5    | Noticed a Killer Klown
 67623 | Zot:5    | Killed a Killer Klown
 67630 | Zot:5    | Killed a Killer Klown
 67677 | Zot:5    | Noticed an orb of fire
 67683 | Zot:5    | Gained mutation: You do not regenerate when monsters are visible. [an orb of fire]
 67688 | Zot:5    | Killed an orb of fire
 67725 | Zot:5    | Noticed an orb of fire
 67729 | Zot:5    | Noticed an orb of fire
 67734 | Zot:5    | Noticed an ancient lich
 67742 | Zot:5    | Killed an ancient lich
 67744 | Zot:5    | Killed an orb of fire
 67747 | Zot:5    | Killed an orb of fire
 67947 | Zot:5    | Lost mutation: You are covered in fur. (AC +1) [potion of mutation]
 67947 | Zot:5    | Lost mutation: Your spells are a little harder to cast, but a little more powerful. [potion of mutation]
 67947 | Zot:5    | Lost mutation: You are highly resistant to hostile enchantments. (MR++) [potion of mutation]
 67947 | Zot:5    | Gained mutation: You are somewhat resistant to further mutation. [potion of mutation]
 67948 | Zot:5    | Lost mutation: You do not regenerate when monsters are visible. [potion of mutation]
 67948 | Zot:5    | Lost mutation: You are somewhat resistant to further mutation. [potion of mutation]
 67948 | Zot:5    | Lost mutation: You are resistant to hostile enchantments. (MR+) [potion of mutation]
 67948 | Zot:5    | Gained mutation: You do not regenerate when monsters are visible. [potion of mutation]
 67948 | Zot:5    | Gained mutation: You evolve. [potion of mutation]
 67948 | Zot:5    | Gained mutation: You have large cloven feet. [potion of mutation]
 67949 | Zot:5    | Lost mutation: You have large cloven feet. [potion of mutation]
 67949 | Zot:5    | Gained mutation: Scrolls take you a little longer to read. [potion of mutation]
 67949 | Zot:5    | Gained mutation: You are weak. (Str -2) [potion of mutation]
 67949 | Zot:5    | Gained mutation: You possess an exceptional clarity of mind. [potion of mutation]
 67950 | Zot:5    | Lost mutation: You are weak. (Str -2) [potion of mutation]
 67950 | Zot:5    | Lost mutation: You evolve. [potion of mutation]
 67950 | Zot:5    | Gained mutation: You have sharp toenails. [potion of mutation]
 67950 | Zot:5    | Gained mutation: You are partially covered in icy blue scales. (AC +2) [potion of mutation]
 67950 | Zot:5    | Gained mutation: Potions are less effective at restoring your health. [potion of mutation]
 67950 | Zot:5    | Gained mutation: You have razor-sharp toenails. [potion of mutation]
 67951 | Zot:5    | Lost mutation: You have razor-sharp toenails. [potion of mutation]
 67951 | Zot:5    | Lost mutation: You are partially covered in icy blue scales. (AC +2) [potion of mutation]
 67951 | Zot:5    | Gained mutation: Your muscles are strong. (Str +2) [potion of mutation]
 67952 | Zot:5    | Lost mutation: Potions are less effective at restoring your health. [potion of mutation]
 67952 | Zot:5    | Lost mutation: Scrolls take you a little longer to read. [potion of mutation]
 67952 | Zot:5    | Lost mutation: You do not regenerate when monsters are visible. [potion of mutation]
 67952 | Zot:5    | Lost mutation: Your muscles are strong. (Str +2) [potion of mutation]
 67952 | Zot:5    | Gained mutation: Your skin changes colour to match your surroundings (Stealth+). [potion of mutation]
 67952 | Zot:5    | Lost mutation: You have sharp toenails. [potion of mutation]
 67952 | Zot:5    | Gained mutation: You have sharp toenails. [potion of mutation]
 67952 | Zot:5    | Gained mutation: Your mind is acute. (Int +2) [potion of mutation]
 68089 | Zot:5    | Got the Orb of Zot
 68613 | D:4      | Noticed Lucwuim the pandemonium lord
 68688 | D:$      | Escaped with the Orb!

Skill      XL: |  1  2  3  4  5  6  7  8  9 10 11 12 13 14 15 16 17 18 19 20 21 22 23 24 25 |
---------------+----------------------------------------------------------------------------+-----
Fighting       | 2 6 8 9 11 12 13 14 15 17 24 | 24.9
Shields        | 1 3 4 5 6 7 8 11 12 13 15 16 17 | 17.0
Maces & Flails | 1 2 3 5 7 9 13 14 15 17 18 19 20 21 | 21.4
Armour         | 2 5 7 9 11 12 13 15 17 24 | 24.8
Transmutations | 0 |  0.0
Dodging        | 4 7 8 9 10 11 12 18 | 18.5
Crossbows      | 6 11 14 17 18 19 | 19.5
Unarmed Combat | |  3.0
Spellcasting   | |  2.1

Action                   |  1- 3 |  4- 6 |  7- 9 | 10-12 | 13-15 | 16-18 | 19-21 | 22-24 | 25-27 || total
-------------------------+-------+-------+-------+-------+-------+-------+-------+-------+-------++-------
Melee: Unarmed           |   103 |    88 |       |       |       |       |       |     2 |       ||   193
       Kick              |    13 |    10 |       |       |       |       |       |       |       ||    23
       Punch             |     1 |       |       |       |       |       |       |       |       ||     1
       Morningstar       |       |   116 |   168 |       |       |       |       |       |       ||   284
       Dire flail        |       |       |   290 |  1237 |   696 |       |       |       |       ||  2223
       Great mace        |       |       |       |       |   720 |   936 |  1156 |  1322 |  1814 ||  5948
       Staff             |       |       |       |       |       |       |     7 |       |       ||     7
 Fire: Blowgun           |       |       |       |    30 |     3 |       |       |       |       ||    33
       Arbalest          |       |       |       |       |       |   103 |   350 |    85 |   878 ||  1416
Throw: Tomahawk          |       |       |       |    13 |     8 |     1 |       |       |       ||    22
       Javelin           |       |       |       |       |       |     1 |       |       |       ||     1
       Throwing net      |       |       |       |       |       |       |     3 |       |       ||     3
 Cast: Beastly Appendage |    14 |     5 |       |       |       |       |       |       |       ||    19
       Sticks to Snakes  |       |     1 |       |       |       |       |       |       |       ||     1
Invok: Sacrifice Artific |       |       |     1 |       |       |       |       |       |       ||     1
       Sacrifice Words   |       |       |     1 |       |       |       |       |       |       ||     1
       Sacrifice Experie |       |       |     1 |       |       |       |       |       |       ||     1
       Draw Out Power    |       |       |       |     6 |     7 |     2 |     6 |     5 |     3 ||    29
       Sacrifice Arcana  |       |       |       |     1 |       |       |       |       |       ||     1
       Power Leap        |       |       |       |     1 |       |       |     2 |       |       ||     3
       Apocalypse        |       |       |       |       |     2 |       |     3 |     3 |     3 ||    11
 Abil: Dig               |       |     1 |     4 |    12 |     9 |     7 |     9 |       |     5 ||    47
       Shaft Self        |       |     1 |       |       |       |       |     1 |       |       ||     2
Evoke: Wand              |       |     5 |       |       |       |       |       |       |       ||     5
  Use: Scroll            |     2 |     5 |     2 |     4 |    18 |     9 |     5 |     8 |    32 ||    85
       Potion            |       |     2 |     1 |     3 |     1 |     1 |     3 |     4 |     9 ||    24
 Stab: Distracted        |       |     1 |     1 |     2 |     8 |     6 |     4 |    12 |    17 ||    51
       Invisible         |       |       |     1 |     6 |     9 |     6 |     5 |     7 |    13 ||    47
       Paralysed         |       |       |       |     8 |    13 |       |     4 |    13 |    12 ||    50
       Confused          |       |       |       |       |       |       |     1 |       |       ||     1
  Eat: Chunk             |     1 |    10 |    10 |    25 |    26 |    19 |    21 |    19 |    32 ||   163
       Ration            |       |       |     2 |     1 |     2 |     3 |     4 |     2 |     8 ||    22
Armor: Robe              |    20 |    14 |     2 |       |       |       |       |       |       ||    36
       Plate armour      |       |       |   101 |       |   244 |    41 |       |       |   510 ||   896
       Ring mail         |       |       |    26 |   303 |    14 |       |       |       |       ||   343
       Chain mail        |       |       |       |       |   131 |    16 |       |       |       ||   147
       Ice dragon scales |       |       |       |       |       |   200 |   238 |   265 |    29 ||   732
Dodge: Dodged            |    61 |    63 |    90 |   276 |   299 |   238 |   331 |   421 |   621 ||  2400
Block: Shield            |    48 |    99 |   208 |   501 |   761 |   373 |       |       |       ||  1990
       Large shield      |       |       |       |       |       |    90 |   871 |   940 |  1350 ||  3251
